 Dungeon Sprint DCSS version 0.19.0-24-gb05acd6 (webtiles) character file.

1400000 igo the Unseen (level 14, 0/135 HPs)
             Began as a Ghoul Warper on Nov 22, 2016.
             Was a Follower of Makhleb.
             Slain by a meat berserker
             ... wielding a +9 battleaxe
              (49 damage)
             ... in the Dungeon (Sprint VIII: "Arena of Blood").
             The game lasted 00:00:35 (14 turns).

igo the Unseen (Ghoul Warper)                         Turns: 14, Time: 00:00:35

Health: 0/135      AC:  3    Str: 16    XL:     14   Next: 8%
Magic:  2/31       EV: 19    Int:  8    God:    Makhleb [*.....]
Gold:   0          SH:  0    Dex: 12    Spells: 0 memorised, 42 levels left

rFire  . . .     SeeInvis .     l - +∞ Axe of Woe
rCold  + . .     Gourm    .     b - +0 leather armour
rNeg   + + +     Faith    .     (shield currently unavailable)
rPois  ∞         Spirit   .     (no helmet)
rElec  .         Reflect  .     (no cloak)
rCorr  .         Harm     .     (no gloves)
MR     +....     NoTele   +     (no boots)
Stlth  ++++++....               (no amulet)
                                (no ring)
                                (no ring)

@: rotting
A: rotting body, claws 1, carnivore 3, cold resistance 1, negative energy
resistance 3, slow regeneration 1, torment resistance, unbreathing
a: Renounce Religion


You were in the Dungeon.
You worshipped Makhleb.
Makhleb was aware of your devotion.
You were not hungry.

You visited 1 branch

Inventory:

Hand Weapons
 a - a +0 hand axe
 l - the +∞ Axe of Woe (weapon)
   (You found it in the Dungeon)
Missiles
 e - 5 tomahawks of dispersal (quivered)
Armour
 b - a +0 leather armour (worn)
Scrolls
 d - 2 scrolls of blinking
Potions
 g - a potion of curing
 h - a potion of heal wounds
 i - a potion of haste
 j - 2 potions of magic
 k - a potion of berserk rage
Books
 c - a book of Spatial Translocations

   Spells                             Type                      Level
   a - Blink                          Translocation                2
   b - Shroud of Golubria             Charms/Translocation         2
   c - Lesser Beckoning               Translocation                3
   d - Portal Projectile              Translocation                3
   e - Teleport Other                 Translocation                3
   f - Passage of Golubria            Translocation                4
Comestibles
 f - a meat ration


   Skills:
 + Level 15.4 Fighting
 + Level 13.4 Axes
 + Level 5.0 Throwing
 + Level 5.1 Armour
 + Level 13.2 Dodging
 * Level 17.6 Stealth
 + Level 14.6 Spellcasting
   Level 2.6 Translocations
 * Level 16.1 Invocations


You had 42 spell levels left.
You didn't know any spells.

Dungeon Overview and Level Annotations

Branches:
Dungeon (1/1)

Altars:
Makhleb


Innate Abilities, Weirdness & Mutations

Your body is rotting away.
You thrive on raw meat.
You are immune to poison.
You have sharp fingernails.
You are carnivorous and can eat meat at any time.
Your flesh is cold resistant. (rC+)
You are immune to negative energy. (rN+++)
You regenerate slowly when monsters are visible.
You are immune to unholy pain and torment.
You can survive without breathing.


Message History

You have reached level 13!
You slash the bag of meat!
You slaughter the bag of meat joyfully.
You kill the bag of meat!
Makhleb accepts your kill.
You can now gain health from killing.
Your Fighting skill increases to level 15!
Your Axes skill increases to level 13!
Your Throwing skill increases to level 5!
Your Armour skill increases to level 5!
Your Dodging skill increases to level 13!
Your Stealth skill increases to level 17!
Your Spellcasting skill increases to level 14!
Your Invocations skill gained 2 levels and is now at level 16!
You have reached level 14!
You hear a shout! x11
The meat berserker hits you with a +9 battleaxe!!
You hear a shout! x4
The meat berserker hits you with a +9 battleaxe!!!
You hear a shout! x2
The meat berserker hits you with a +9 battleaxe!!!
You die...

.#........_.........
.........###........
....###.......###...
o.....#....o..#
......#.......#..
..........o.......
#.................#
....o.ooOo.......#.
#....o)@O.oo...##..
.oO..#..ooo...#....
.......oooo...#.Co
....##.#......o.o.
... ....o..o... ##
....#.....## ...
...... .... ......


You could see 3 meat berserkers and 21 bags of meat.

Vanquished Creatures
  An ogre (D)
  An orc (D)
2 creatures vanquished.

Notes
Turn   | Place    | Note
-------+----------+-------------------------------------------
     0 | D        | igo the Ghoul Warper began the quest for the Orb.
     0 | D        | Reached XP level 1. HP: 17/17 MP: 2/2
     4 | D        | Noticed a bag of meat
     4 | D        | Became a worshipper of Makhleb the Destroyer
     5 | D        | Noticed a bag of meat
     6 | D        | Noticed a bag of meat
     7 | D        | Noticed a bag of meat
     7 | D        | Noticed a bag of meat
     7 | D        | Noticed a bag of meat
     8 | D        | Noticed a bag of meat
     8 | D        | Noticed a meat berserker
     8 | D        | Noticed a meat berserker
     8 | D        | Noticed a bag of meat
     9 | D        | Noticed a bag of meat
     9 | D        | Noticed a bag of meat
    10 | D        | Noticed a bag of meat
    10 | D        | Noticed a bag of meat
    10 | D        | Noticed a large bag of meat
    11 | D        | Noticed a bag of meat
    11 | D        | Noticed a meat berserker
    12 | D        | Noticed a bag of meat
    12 | D        | Noticed a bag of meat
    12 | D        | Noticed a bag of meat
    12 | D        | Noticed a bag of meat
    12 | D        | Noticed a bag of meat
    12 | D        | Noticed a bag of meat
    12 | D        | Noticed a bag of meat
    13 | D        | Noticed a bag of meat
    14 | D        | Noticed a meat berserker
    14 | D        | Killed a meat berserker
    14 | D        | Reached skill level 16 in Stealth
    14 | D        | Reached XP level 2. HP: 46/46 MP: 2/15
    14 | D        | Reached XP level 3. HP: 52/52 MP: 2/17
    14 | D        | Reached XP level 4. HP: 60/60 MP: 2/18
    14 | D        | Reached XP level 5. HP: 67/67 MP: 2/20
    14 | D        | Reached XP level 6. HP: 74/74 MP: 2/21
    14 | D        | Reached XP level 7. HP: 81/81 MP: 2/23
    14 | D        | Reached XP level 8. HP: 89/89 MP: 2/24
    14 | D        | Reached XP level 9. HP: 95/95 MP: 2/25
    14 | D        | Reached XP level 10. HP: 103/103 MP: 2/26
    14 | D        | Reached XP level 11. HP: 110/110 MP: 2/27
    14 | D        | Reached XP level 12. HP: 117/117 MP: 2/28
    14 | D        | Reached XP level 13. HP: 124/124 MP: 2/29
    14 | D        | Killed a bag of meat
    14 | D        | Reached * piety under Makhleb
    14 | D        | Reached skill level 15 in Fighting
    14 | D        | Reached skill level 5 in Throwing
    14 | D        | Reached skill level 5 in Armour
    14 | D        | Reached skill level 17 in Stealth
    14 | D        | Reached XP level 14. HP: 135/135 MP: 2/31
    14 | D        | Slain by a meat berserker

Skill      XL: |  1  2  3  4  5  6  7  8  9 10 11 12 13 |
---------------+----------------------------------------+-----
Fighting       | 14 15 | 15.4
Axes           | 12 13 | 13.4
Throwing       | 4 5 |  5.0
Armour         | 4 5 |  5.1
Dodging        | 12 13 | 13.2
Stealth        | 16 17 | 17.6
Spellcasting   | 13 14 | 14.6
Invocations    | 14 16 | 16.1
Translocations | |  2.6

Action                   |  1- 3 |  4- 6 |  7- 9 | 10-12 | 13-15 || total
-------------------------+-------+-------+-------+-------+-------++-------
Melee: Executioner's axe |     1 |       |       |       |       ||     1
